 Dungeon Crawl Stone Soup version 0.20.1-1-g8b1a95d (webtiles) character file.

103 straycat the Ducker (level 4, 0/32 HPs)
             Began as a Vampire Wanderer on Sept 7, 2017.
             Slain by Natasha (2 damage)
             ... on level 2 of the Dungeon.
             The game lasted 00:08:26 (2024 turns).

straycat the Ducker (Vampire Wanderer)              Turns: 2024, Time: 00:08:28

Health: 0/32       AC:  3    Str: 11    XL:     4   Next: 51%
Magic:  5/5        EV: 15    Int: 12    God:
Gold:   32         SH:  0    Dex: 16    Spells: 0/5 levels left

rFire    + . .     SeeInvis +   b - +0 hand crossbow
rCold    . . .     Gourm    .   (no shield)
rNeg     + . .     Faith    .   e - +0 robe
rPois    .         Spirit   .   (no helmet)
rElec    .         Reflect  .   g - +0 cloak
rCorr    .         Harm     .   (no gloves)
MR       .....                  (no boots)
Stlth    ++........             (no amulet)
Regen    0.1/turn               l - ring of protection from fire
MPRegen  0.1/turn               (no ring)

@: slowed, very slow
A: fangs 3, see invisible, unbreathing
a: Bat Form


You were on level 2 of the Dungeon.
You were not thirsty.

You visited 1 branch of the dungeon, and saw 2 of its levels.

You collected 32 gold pieces.

Inventory:

Hand Weapons
 b - a +0 hand crossbow (weapon)
 h - a +0 short sword
Missiles
 c - 6 bolts (quivered)
 i - 75 stones
 k - 22 arrows
 w - a throwing net
Armour
 e - a +0 robe (worn)
 g - a +0 cloak (worn)
 s - a +0 scale mail
Jewellery
 l - a ring of protection from fire (left hand)
Scrolls
 m - a scroll of enchant weapon {unknown}
 n - a scroll of amnesia {unknown}
 q - a scroll of identify {unknown}
 r - a scroll of enchant armour {unknown}
 t - 2 scrolls of remove curse {unknown}
 u - a scroll of noise {unknown}
 x - a scroll of magic mapping {unknown}
Potions
 d - a potion of lignification
 f - 14 potions of blood
 j - a potion of agility {unknown}
 o - 2 potions of haste {unknown}
 p - a potion of curing {unknown}
 v - 2 potions of berserk rage {unknown}
Books
 a - a book of Spatial Translocations

   Spells                             Type                      Level
   a - Blink                          Translocation                2
   b - Shroud of Golubria             Charms/Translocation         2
   c - Lesser Beckoning               Translocation                3
   d - Gell's Gravitas                Translocation                3
   e - Teleport Other                 Translocation                3
   f - Passage of Golubria            Translocation                4


   Skills:
 - Level 1.0 Fighting
 - Level 1.5 Crossbows
 - Level 1.5 Armour
 * Level 4.6 Dodging
 + Level 1.5 Stealth
   Level 1.0 Shields
 - Level 1.0 Spellcasting
 - Level 1.0 Translocations
   Level 1.1 Transmutations


You couldn't memorise any spells.
You knew the following spells:

 Your Spells              Type           Power        Failure   Level  Hunger
a - Shroud of Golubria    Chrm/Tloc      #.........   36%         2    ###....
b - Gell's Gravitas       Tloc           #.........   52%         3    ####...


Dungeon Overview and Level Annotations

Branches:
Dungeon (2/15)

Altars:

Annotations:
D:2 Natasha


Innate Abilities, Weirdness & Mutations

You have razor-sharp teeth.
You have supernaturally acute eyesight. (SInv)
You can survive without breathing.


Message History

Natasha is lightly wounded.
Natasha misses you. Natasha closely misses you.
Firing (i - inventory. (,) - cycle):
c - 8 bolts (quivered)
Press: ? - help, Shift-Dir - straight line, f/p - Natasha
Aim: Natasha (lightly wounded)
You shoot a bolt.
The bolt hits Natasha but does no damage.
Natasha is lightly wounded.
Natasha claws you but does no damage. Natasha closely misses you.
Firing (i - inventory. (,) - cycle):
c - 7 bolts (quivered)
Press: ? - help, Shift-Dir - straight line, f/p - Natasha
Aim: Natasha You shoot a bolt.
The bolt hits Natasha!
Natasha is severely wounded.
Natasha claws you.
* * * LOW HITPOINT WARNING * * *
Natasha claws you.
* * * LOW HITPOINT WARNING * * *
Natasha claws you.
You die...

#.............
#.............
#............. #####
#............. #...#
#.#####.......
#.#.###.#####.......
#.#....>............
#.###########.......
#..@h.#######.......
#####...............
####.........######
#............
#(##.........
#.##.........
#.##........
#.##....%...
#.##........


You could see Natasha.

Vanquished Creatures
  Natasha (twice) (D:2)
  An adder (D:2)
  2 dart slugs (D:1)
  A leopard gecko (D:1)
  3 giant cockroaches
  3 goblins (D:1)
  5 hobgoblins
  6 jackals (D:2)
  A quokka (D:2)
  5 bats (D:1)
  4 frilled lizards
  3 kobolds (D:1)
  2 rats (D:1)
38 creatures vanquished.

Notes
Turn   | Place    | Note
-------+----------+-------------------------------------------
     0 | D:1      | straycat the Vampire Wanderer began the quest for the Orb.
     0 | D:1      | straycat set off with: a book of Spatial Translocations, a +0 hand crossbow, 25 bolts, a potion of lignification, a +0 robe, a potion of blood
     0 | D:1      | Reached XP level 1. HP: 15/15 MP: 2/2
    36 | D:1      | Reached skill level 1 in Dodging
   298 | D:1      | Reached XP level 2. HP: 21/21 MP: 3/3
   320 | D:1      | Reached skill level 2 in Dodging
   908 | D:1      | Reached XP level 3. HP: 25/26 MP: 4/4
  1205 | D:2      | Reached skill level 3 in Dodging
  1294 | D:2      | Noticed Natasha
  1301 | D:2      | Killed Natasha
  1402 | D:2      | Noticed Natasha
  1404 | D:2      | Killed Natasha
  1404 | D:2      | Reached skill level 4 in Dodging
  1404 | D:2      | Reached XP level 4. HP: 27/32 MP: 5/5
  1821 | D:2      | Learned a level 2 spell: Shroud of Golubria
  1825 | D:2      | Learned a level 3 spell: Gell's Gravitas
  1992 | D:2      | Noticed Natasha
  2024 | D:2      | Slain by Natasha

Skill      XL: |  1  2  3 |
---------------+----------+-----
Dodging        | 1 2 4 |  4.6
Fighting       | |  1.0
Crossbows      | |  1.5
Armour         | |  1.5
Stealth        | |  1.5
Shields        | |  1.0
Spellcasting   | |  1.0
Translocations | |  1.0
Transmutations | |  1.1

Action                   |  1- 3 |  4- 6 || total
-------------------------+-------+-------++-------
Melee: Short sword       |       |    24 ||    24
       Bite              |       |     1 ||     1
 Fire: Hand crossbow     |    63 |    15 ||    78
Throw: Stone             |       |     9 ||     9
  Use: Potion            |     1 |       ||     1
  Eat: Corpse            |       |     2 ||     2
Armor: Robe              |     7 |    10 ||    17
Dodge: Dodged            |    19 |    68 ||    87
